Map: Lost and Found LE

Players

Demented

  • Race: Zerg Zerg
  • League: Platinum
  • Spawn Location: 7:00

Pythagoras

  • Race: Protoss Protoss
  • League: Master
  • Spawn Location: 1:00

VOD

Have the link to the VOD?

Description

Time

  • Played on: Oct. 1, 2018, 8:57 p.m.
  • Length: 10:10
Show
View Real Time Build Order
Export as new Build Order

Demented Zerg 

Build Orders: Pool First 

Get SALT Encoding   

  12  0:18  Spawning Pool  
  11  0:22  Drone  
  11  0:26  Drone  
  13  0:35  Overlord  
  13  0:40  Drone  
  14  1:05  Zergling x2  
  14  1:06  Zergling x4  
  14  1:08  Queen  
  19  1:19  Zergling x2  
  20  1:34  Zergling x2  
  20  1:36  Hatchery  
  20  1:38  Zergling x2  
  22  2:03  Overlord  
  22  2:34  Zergling x2  
  23  2:40  Zergling x2  
  23  2:41  Zergling x6  
  24  2:57  Zergling x2  
  25  3:05  Zergling x2  
  25  3:06  Zergling x2  
  26  3:20  Zergling x2  
  27  3:29  Extractor  
  27  3:33  Extractor  
  22  3:43  Extractor  
  22  3:46  Extractor  
  18  4:57  Extractor  
  18  4:58  Extractor  
Show
View Real Time Build Order
Export as new Build Order

Pythagoras Protoss 

Build Orders:  

Get SALT Encoding   

  12  0:01  Probe  
  13  0:12  Probe  
  14  0:19  Pylon  
  14  0:20  Probe  
  15  0:35  Probe  
  16  0:47  Probe  
  17  0:55  Pylon  
  17  1:13  Gateway  
  17  1:16  Gateway  
  17  1:18  Gateway  
  17  1:20  Gateway  
  17  1:31  Pylon  
  17  1:34  Pylon  
  17  1:53  Zealot  
  19  2:02  Zealot  
  19  2:05  Zealot  
  23  2:09  Zealot  
  25  2:17  Zealot  
  29  2:30  Zealot  
  29  2:33  Zealot  
  28  2:40  Zealot  
  18  2:45  Zealot  
Tags
 
Add a new tag
Caveats
  • Supply blocks, unpowered buildings, or Contaminate may cause inaccurate times.
  • Supply counts are checked every 10 seconds.